 Dungeon Crawl Stone Soup version 0.29-a0-356-g7bc237e783 (webtiles) character file.

Game seed: 13718443815100369004

287 croobank the Firebug (level 6, 0/44 HPs)
             Began as a Gnoll Fire Elementalist on Apr 26, 2022.
             Slain by Eustachio
             ... wielding a +0 rapier
              (6 damage)
             ... on level 4 of the Dungeon.
             The game lasted 00:12:27 (3816 turns).

croobank the Firebug (Gnoll Fire Elementalist)      Turns: 3816, Time: 00:12:28

Health: 0/44       AC:  3    Str:  7      XL:     6   Next: 30%
Magic:  1/14       EV: 13    Int: 17      God:
Gold:   139        SH:  0    Dex: 10 (12) Spells: 1/15 levels left

rFire   . . .      SeeInvis .   a - +3 dagger (speed)
rCold   . . .      Faith    .   (no shield)
rNeg    . . .      Spirit   .   u - +0 robe
rPois   .          Reflect  .   r - +0 helmet
rElec   .          Harm     .   (no cloak)
rCorr   .          Rampage  .   (no gloves)
Will    .....                   (no boots)
Stlth   ++........              (no amulet)
HPRegen 0.14/turn               (no ring)
MPRegen 0.14/turn               (no ring)

@: on berserk cooldown, very slightly contaminated, slowed, very slow
A: fangs 1, strong nose, distributed training
a: no special abilities


You were on level 4 of the Dungeon.
You visited 1 branch of the dungeon, and saw 4 of its levels.

You collected 139 gold pieces.

Inventory:

Hand Weapons
 a - a +3 dagger of speed (weapon)
 b - a +0 hunting sling
 l - a +0 trident
Missiles
 d - 4 poisoned darts
 g - 82 stones
Armour
 e - a +0 leather armour
 j - a +0 ring mail of fire resistance
 r - a +0 helmet (worn)
 u - a +0 robe (worn)
Scrolls
 c - a scroll of identify
 p - 3 scrolls of teleportation
Potions
 f - a potion of lignification
 h - a potion of resistance
 k - a potion of mutation
 m - a potion of berserk rage
 n - a potion of curing
 s - a potion of haste {unknown}
 t - a potion of brilliance {unknown}


   Skills:
 + Level 1.9 Fighting
 + Level 1.9 Short Blades
 + Level 1.9 Long Blades
 + Level 1.9 Axes
 + Level 1.9 Maces & Flails
 + Level 1.9 Polearms
 + Level 1.9 Staves
 + Level 1.9 Slings
 + Level 1.9 Bows
 + Level 1.9 Crossbows
 + Level 1.9 Throwing
 + Level 1.9 Armour
 + Level 4.9 Dodging
 + Level 4.5 Stealth
 + Level 1.9 Shields
 + Level 1.9 Unarmed Combat
 + Level 5.3 Spellcasting
 + Level 2.6 Conjurations
 + Level 1.5 Hexes
 + Level 1.5 Summonings
 + Level 1.5 Necromancy
 + Level 1.5 Translocations
 + Level 1.5 Transmutations
 + Level 5.6 Fire Magic
 + Level 1.5 Ice Magic
 + Level 1.5 Air Magic
 + Level 1.5 Earth Magic
 + Level 1.5 Poison Magic
 + Level 2.1 Invocations
 + Level 1.9 Evocations


You had one spell level left.
You knew the following spells:

 Your Spells              Type           Power      Damage    Failure   Level
a - Foxfire               Conj/Fire      72%        2x1d7     2%          1
b - Scorch                Fire           46%        2d7       1%          2
c - Flame Wave            Conj/Fire      18%        2d6       26%         4
d - Call Canine Familiar  Summ           9%         N/A       22%         3
e - Summon Small Mammal   Summ           36%        N/A       8%          1
f - Summon Guardian Gole  Hex/Summ       9%         N/A       22%         3

Your spell library contained the following spells:

 Spells                   Type           Power      Damage    Failure   Level
 Conjure Flame            Conj/Fire      18%        6-21      8%          3
 Inner Flame              Hex/Fire       16%        N/A       10%         3


Dungeon Overview and Level Annotations

Branches:
Dungeon (4/15)
 Temple: D:4-7

Altars:

Annotations:
D:3 3 runed translucent doors, Doorstop00's ghost, amateur MiBe
D:4 1 runed translucent door, Antichthon's ghost, amateur NaWr; Eustachio


Innate Abilities, Weirdness & Mutations

You have very sharp teeth.
Your uncanny sense of smell can sniff out nearby items.
Your experience applies equally to all skills.


Message History

The flame wave engulfs the bat.
You kill the bat!
The bat's corpse disappears in a puff of smoke!
The flame wave engulfs the bat.
The bat is severely wounded.
The flame wave engulfs the quasit.
The quasit resists.
The quasit is heavily wounded.
You hear a shout!
The bat hits you but does no damage. The quasit bites you.
* * * LOW HITPOINT WARNING * * *
The quasit claws you but does no damage. x2
Eustachio asks, "How can you live without manners, virtues and honour?"
Eustachio closely misses you.
The crimson imp blinks!
The quasit closely misses you. The quasit claws you.
* * * LOW HITPOINT WARNING * * *
You feel clumsy. The quasit barely misses you.
A wave of flame ripples out!
The flame wave engulfs Eustachio!
Eustachio is almost dead.
The flame wave engulfs the quasit.
The quasit resists.
The quasit is heavily wounded.
You finish channelling waves of flame.
Eustachio gestures wildly while chanting.
The quasit barely misses you. The quasit claws you.
* * * LOW HITPOINT WARNING * * *
The quasit claws you but does no damage.
Eustachio barely misses you.
The crimson imp blinks!
Casting: Flame Wave (quite dangerous; 26% risk of failure)
Confirm with . or Enter, or press ? or * to list all spells.
The spell is quite dangerous to miscast (26% risk of failure)!
Continue anyway?
Casting: Flame Wave (quite dangerous; 26% risk of failure)
Press: ? - help, Dir - look around, f - activate You miscast Flame Wave.
Nothing appears to happen.
The bat barely misses you. The bat hits you but does no damage.
The quasit closely misses you.
The quasit claws you but does no damage.
The quasit misses you. The bat hits you but does no damage.
The quasit barely misses you. x2; The quasit closely misses you.
Eustachio brags, "I can call spirits from the vasty deep."
Eustachio hits you with a +0 rapier.
You die...

##..#######.#
#............
#...####.##.. ##
#...# ##.####...#
#.........#
.#.#.##..#####.#
#..##.##r#.......†#
#.....@@.b..#######
#.....b#5#..#
#....#..###+#
.......# ###.#.# #
#. ## ∆


You could see Eustachio, a quasit (summoned), 2 bats and a rat (summoned).

Vanquished Creatures
  An ogre (D:4)
  2 hounds
  An iguana (D:4)
  Robin (D:2)
  2 adders
  A worm (D:2)
  2 dart slugs (D:2)
  7 orcs (D:3)
  2 ball pythons
  3 endoplasms
  2 giant cockroaches
  15 goblins
  8 hobgoblins
  4 jackals (D:1)
  3 quokkas
  5 bats
  3 frilled lizards
  7 kobolds
  6 rats
75 creatures vanquished.

Vanquished Creatures (others)
  120 foxfires
120 creatures vanquished.

Grand Total: 195 creatures vanquished

Notes
Turn   | Place    | Note
-------+----------+-------------------------------------------
     0 | D:1      | croobank the Gnoll Fire Elementalist began the quest for
                  | the Orb.
     0 | D:1      | Reached XP level 1. HP: 13/13 MP: 6/6
   305 | D:1      | Reached XP level 2. HP: 19/19 MP: 4/7
   311 | D:1      | Learned a level 2 spell: Scorch
   913 | D:2      | Reached XP level 3. HP: 25/25 MP: 2/9
   985 | D:2      | Reached skill level 5 in Spellcasting
  1039 | D:2      | Noticed Robin
  1041 | D:2      | Reached skill level 1 in Invocations
  1133 | D:2      | Killed Robin
  1134 | D:2      | Reached skill level 1 in Fighting
  1134 | D:2      | Reached skill level 1 in Short Blades
  1134 | D:2      | Reached skill level 1 in Long Blades
  1134 | D:2      | Reached skill level 1 in Axes
  1134 | D:2      | Reached skill level 1 in Maces & Flails
  1134 | D:2      | Reached skill level 1 in Polearms
  1134 | D:2      | Reached skill level 1 in Staves
  1134 | D:2      | Reached skill level 1 in Slings
  1134 | D:2      | Reached skill level 1 in Bows
  1134 | D:2      | Reached skill level 1 in Crossbows
  1134 | D:2      | Reached skill level 1 in Throwing
  1134 | D:2      | Reached skill level 1 in Armour
  1134 | D:2      | Reached skill level 1 in Shields
  1134 | D:2      | Reached skill level 1 in Unarmed Combat
  1134 | D:2      | Reached skill level 1 in Evocations
  1218 | D:2      | Reached XP level 4. HP: 29/32 MP: 9/11
  2505 | D:3      | Found a runed translucent gate.
  2505 | D:3      | Found a runed translucent gate.
  2506 | D:3      | Found a runed translucent gate.
  2506 | D:3      | Noticed Doorstop00's ghost (amateur MiBe)
  2507 | D:3      | Noticed a kobold brigand
  2611 | D:3      | Learned a level 4 spell: Flame Wave
  2662 | D:3      | Reached skill level 1 in Hexes
  2662 | D:3      | Reached skill level 1 in Summonings
  2662 | D:3      | Reached skill level 1 in Necromancy
  2662 | D:3      | Reached skill level 1 in Translocations
  2662 | D:3      | Reached skill level 1 in Transmutations
  2662 | D:3      | Reached skill level 1 in Ice Magic
  2662 | D:3      | Reached skill level 1 in Air Magic
  2662 | D:3      | Reached skill level 1 in Earth Magic
  2662 | D:3      | Reached skill level 1 in Poison Magic
  2662 | D:3      | Reached XP level 5. HP: 33/37 MP: 7/12
  3073 | D:3      | Found a faded altar of an unknown god.
  3576 | D:4      | Learned a level 3 spell: Call Canine Familiar
  3578 | D:4      | Learned a level 1 spell: Summon Small Mammal
  3582 | D:4      | Learned a level 3 spell: Summon Guardian Golem
  3592 | D:4      | Found a runed translucent door.
  3593 | D:4      | Noticed Antichthon's ghost (amateur NaWr)
  3655 | D:4      | Noticed an ogre
  3660 | D:4      | Killed an ogre
  3661 | D:4      | Reached XP level 6. HP: 44/44 MP: 7/14
  3762 | D:4      | Noticed Eustachio
  3816 | D:4      | Slain by Eustachio

Illustrated notes

Levels and vault maps discovered:
D:1:      beargit_arrival_greenhouse, layout_loops_ring, minmay_pentomino_v4
D:2:      layout_basic, uniq_robin
D:3:      layout_basic, gammafunk_ghost_nasty_kobolds,
          shapermc_ecumenical_altar_petra, minmay_statues_item
D:4:      layout_loops_ring, gammafunk_ghost_grave, kennysheep_generic_room_14,
          uniq_eustachio

Skill      XL: |  1  2  3  4  5 |
---------------+----------------+-----
Conjurations   | 2 |  2.6
Spellcasting   | 5 |  5.3
Invocations    | 1 2 |  2.1
Fighting       | 1 |  1.9
Short Blades   | 1 |  1.9
Long Blades    | 1 |  1.9
Axes           | 1 |  1.9
Maces & Flails | 1 |  1.9
Polearms       | 1 |  1.9
Staves         | 1 |  1.9
Slings         | 1 |  1.9
Bows           | 1 |  1.9
Crossbows      | 1 |  1.9
Throwing       | 1 |  1.9
Armour         | 1 |  1.9
Shields        | 1 |  1.9
Unarmed Combat | 1 |  1.9
Evocations     | 1 |  1.9
Hexes          | 1 |  1.5
Summonings     | 1 |  1.5
Necromancy     | 1 |  1.5
Translocations | 1 |  1.5
Transmutations | 1 |  1.5
Ice Magic      | 1 |  1.5
Air Magic      | 1 |  1.5
Earth Magic    | 1 |  1.5
Poison Magic   | 1 |  1.5
Dodging        | |  4.9
Stealth        | |  4.5
Fire Magic     | |  5.6

Action                   |  1- 3 |  4- 6 || total
-------------------------+-------+-------++-------
Melee: Unarmed           |     9 |       ||     9
       Trident           |     2 |     6 ||     8
       Dagger            |       |    36 ||    36
       Bite              |       |     2 ||     2
       Punch             |       |     1 ||     1
 Cast: Foxfire           |    30 |    44 ||    74
       Scorch            |    12 |    26 ||    38
       Summon Small Mamm |       |     1 ||     1
       Call Canine Famil |       |     1 ||     1
       Summon Guardian G |       |     1 ||     1
       Flame Wave        |       |     1 ||     1
  Use: Scroll            |       |    11 ||    11
       Potion            |       |     2 ||     2
 Stab: Sleeping          |       |     1 ||     1
       Distracted        |       |     1 ||     1
Armor: Robe              |       |    24 ||    24
Dodge: Dodged            |    20 |    57 ||    77

Table legend: (Time is in decaauts)
 A = Elapsed time spent in this place.
 B = Non-inter-level travel time spent in this place.
 C = Inter-level travel time spent in this place.
 D = Time resting spent in this place.
 E = Time spent auto-exploring this place.
 F = Levels seen in this place.
 G = Mean time per level.
                   A        B        C        D        E       F      G
               +--------+--------+--------+--------+--------+-----+--------+
         Total |   3805 |   3641 |    164 |    509 |   2537 |   4 |  951.2 |
       Dungeon |   3805 |   3641 |    164 |    509 |   2537 |   4 |  951.2 |
               +--------+--------+--------+--------+--------+-----+--------+

Top non-repeatable levels by time:
     D:2: 1421 daAuts
     D:3: 1007 daAuts
     D:1: 980 daAuts
     D:4: 395 daAuts
